Map: [ESL] Cosmic Sapphire

Players

Lambo - Winner!

  • Race: Zerg Zerg
  • Spawn Location: 11:00

Strange

  • Race: Protoss Protoss
  • Spawn Location: 5:00

Event: DreamHack SC2 Masters 2022 Atlanta (Online)

VOD

Have the link to the VOD?

Description

Time

  • Played on: Oct. 12, 2022, 1:46 p.m.
  • Length: 11:06

All games in this series

Show
View Real Time Build Order
Export as new Build Order

Lambo Zerg - Winner!

Build Orders: Hatch First 

Get SALT Encoding   

  12  0:00  Drone  
  13  0:12  Overlord  
  13  0:16  Drone  
  14  0:30  Drone x2  
  16  0:47  Hatchery  
  15  0:51  Drone  
  15  0:54  Drone  
  17  0:57  Drone  
  18  1:09  Extractor  
  17  1:13  Spawning Pool  
  17  1:16  Drone  
  17  1:19  Drone  
  18  1:29  Drone  
  19  1:38  Drone  
  20  1:49  Drone  
  21  1:59  Queen x2  
  21  2:00  Zergling x2, Overlord  
  26  2:09  Metabolic Boost, Drone  
  26  2:11  Drone  
  28  2:20  Drone  
  28  2:22  Drone  
  30  2:31  Hatchery  
  30  2:33  Drone  
  30  2:35  Drone  
  31  2:42  Drone  
  31  2:43  Overlord  
  32  2:48  Queen  
  34  2:53  Zergling x2, Drone  
  36  3:01  Queen  
  36  3:05  Overlord  
  38  3:07  Zergling x4  
  38  3:09  Zergling x2  
  38  3:12  Zergling x2  
  42  3:15  Drone  
  42  3:19  Overlord  
  43  3:24  Queen  
  45  3:28  Drone x2  
  47  3:40  Drone x2  
  47  3:41  Overlord  
  49  3:42  Drone  
  49  3:43  Drone  
  51  3:48  Drone x2  
  51  3:52  Drone  
  52  3:56  Drone  
  52  4:00  Queen, Drone x2  
  57  4:03  Roach Warren  
  57  4:05  Zergling x6  
  59  4:10  Drone  
  59  4:11  Overlord  
  59  4:15  Spore Crawler  
  59  4:16  Spore Crawler  
  58  4:17  Zergling x6  
  58  4:23  Overlord  
  62  4:28  Zergling x6  
  65  4:31  Spore Crawler  
  62  4:43  Roach x4  
  62  4:44  Drone  
  62  4:45  Drone  
  70  4:46  Roach x2  
  70  4:47  Drone x2  
  70  4:48  Drone x2  
  70  4:51  Extractor  
  77  4:57  Roach x2  
  81  5:00  Overlord  
  81  5:05  Overlord  
  81  5:09  Extractor  
  81  5:10  Overlord  
  81  5:11  Roach  
  82  5:17  Roach  
  82  5:19  Drone x6  
  90  5:23  Drone  
  91  5:32  Drone x5  
  91  5:34  Lair  
  99  5:35  Drone x3  
  99  5:40  Extractor  
  98  5:43  Drone  
  98  5:44  Drone x3  
  98  5:46  Overlord  
  98  5:47  Extractor  
  101  5:51  Drone x2  
  101  5:53  Extractor  
  101  5:55  Drone, Evolution Chamber  
  102  6:00  Ravager  
  102  6:01  Roach x2  
  107  6:06  Drone x2  
  107  6:09  Roach x3  
  115  6:11  Overlord  
  115  6:12  Drone x3  
  115  6:13  Drone  
  115  6:15  Overlord  
  115  6:17  Drone  
  120  6:25  Hatchery  
  118  6:26  Drone  
  118  6:28  Zerg Missile Weapons Level 1  
  118  6:30  Baneling Nest  
  118  6:34  Roach x5  
  118  6:36  Glial Reconstitution  
  118  6:39  Overlord  
  128  6:41  Overlord  
  128  6:45  Drone x2  
  129  6:50  Drone x3  
  129  6:52  Overseer  
  129  6:53  Drone  
  133  6:58  Roach x3  
  133  6:59  Ravager  
  133  7:00  Drone x2  
  142  7:11  Drone x3  
  142  7:14  Centrifugal Hooks  
  142  7:15  Roach x5  
  153  7:22  Ravager, Overlord  
  153  7:26  Overlord x2  
  153  7:27  Overlord  
  152  7:30  Overlord  
  152  7:31  Overlord  
  152  7:33  Overlord x2  
  152  7:36  Baneling x5  
  152  7:41  Overlord  
  152  7:44  Zergling x16  
  160  7:55  Zergling x8  
  163  8:01  Ravager x3  
  163  8:03  Zergling x20  
  163  8:04  Zergling x2, Infestation Pit  
  174  8:07  Ravager  
  174  8:09  Drone x2  
  174  8:10  Drone, Spine Crawler  
  174  8:11  Spine Crawler  
  174  8:12  Zergling x6  
  179  8:17  Zergling x6  
  182  8:20  Baneling x19  
  182  8:23  Baneling  
  182  8:24  Ravager  
  182  8:26  Overseer, Zerg Melee Weapons Level 1  
  183  8:27  Zergling x12  
  183  8:31  Zergling x4, Baneling x5  
  191  8:35  Zergling x10  
  191  8:38  Zergling x6  
  195  8:55  Roach x7  
  195  8:58  Roach x5  
  185  9:03  Roach x7  
  185  9:08  Roach  
  185  9:09  Roach x3  
  175  9:19  Roach x4  
  175  9:23  Hive  
  178  9:27  Roach x4  
  173  9:31  Zergling x2  
  173  9:32  Zergling x8  
  173  9:33  Hatchery  
  173  9:38  Zergling x2, Roach x4  
  176  9:41  Zergling x4  
  176  9:45  Zergling x2  
  166  9:49  Zergling x2  
  167  9:53  Evolution Chamber  
  167  9:54  Drone  
  167  9:56  Zergling x14  
  167  9:57  Zergling x8  
  167  9:58  Ravager  
  167  9:59  Baneling  
  179  10:00  Baneling x9  
  179  10:04  Zergling x8  
  183  10:07  Zergling x2  
  183  10:10  Baneling x11  
  183  10:12  Zergling x2  
  185  10:15  Zergling x2  
  185  10:16  Zergling x2  
  185  10:20  Baneling x6  
  187  10:22  Zergling x16  
  187  10:24  Baneling x3  
  181  10:37  Zergling x20  
  189  10:45  Baneling x9  
Show
View Real Time Build Order
Export as new Build Order

Strange Protoss 

Build Orders: 1 Gate Expand, Mass Adepts 

Get SALT Encoding   

  12  0:00  Probe  
  13  0:12  Probe  
  14  0:20  Pylon  
  14  0:24  Probe  
  15  0:38  Probe (Chrono Boost)  
  15  0:41  Gateway  
  16  0:47  Probe (Chrono Boost), Assimilator  
  17  0:53  Probe  
  18  1:05  Probe  
  19  1:17  Probe  
  20  1:24  Nexus  
  20  1:32  Cybernetics Core  
  20  1:36  Probe  
  21  1:40  Assimilator  
  21  1:48  Probe  
  21  1:50  Pylon  
  22  2:00  Probe (Chrono Boost)  
  23  2:09  Adept, Warp Gate  
  23  2:12  Probe (Chrono Boost)  
  26  2:18  Probe (Chrono Boost)  
  27  2:22  Twilight Council  
  27  2:28  Probe (Chrono Boost)  
  30  2:38  Probe x2 (Chrono Boost), Stalker  
  33  2:45  Probe (Chrono Boost)  
  33  2:46  Probe (Chrono Boost)  
  34  2:57  Gateway  
  34  2:58  Gateway  
  34  3:04  Probe  
  34  3:05  Gateway  
  35  3:06  Probe  
  35  3:10  Adept  
  35  3:11  Resonating Glaives (Chrono Boost)  
  38  3:16  Probe  
  38  3:19  Probe  
  40  3:23  Pylon  
  40  3:29  Probe  
  40  3:31  Probe  
  42  3:41  Probe  
  43  3:42  Pylon  
  43  3:47  Probe  
  44  3:53  Probe  
  43  3:58  Pylon  
  43  3:59  Adept  
  43  4:00  Adept x3  
  43  4:01  Probe  
  51  4:05  Probe  
  51  4:09  Pylon  
  52  4:19  Probe  
  52  4:21  Adept x4  
  61  4:25  Assimilator  
  61  4:29  Pylon  
  61  4:35  Probe  
  59  4:38  Pylon  
  59  4:45  Nexus  
  59  4:47  Adept x2  
  59  4:50  Adept x2  
  67  4:53  Shield Battery  
  67  4:55  Probe  
  68  5:00  Probe  
  68  5:03  Forge  
  69  5:07  Probe  
  69  5:08  Sentry x2  
  69  5:12  Probe  
  75  5:14  Assimilator  
  75  5:19  Adept, Probe  
  78  5:22  Adept  
  78  5:24  Probe  
  81  5:31  Probe  
  82  5:35  Pylon  
  82  5:36  Probe  
  82  5:37  Protoss Ground Weapons Level 1 (Chrono Boost)  
  83  5:43  Probe  
  83  5:48  Probe  
  83  5:53  Blink (Chrono Boost)  
  84  5:58  Robotics Facility, Probe (Chrono Boost)  
  84  6:00  Sentry, Probe (Chrono Boost), Stalker  
  84  6:01  Zealot, Probe (Chrono Boost)  
  92  6:10  Probe (Chrono Boost), Pylon  
  92  6:11  Probe (Chrono Boost)  
  95  6:12  Probe (Chrono Boost)  
  95  6:15  Probe x2 (Chrono Boost)  
  97  6:19  Probe  
  98  6:26  Probe  
  98  6:27  Probe, Assimilator  
  98  6:31  Pylon  
  100  6:34  Gateway x2  
  100  6:38  Gateway  
  100  6:41  Assimilator  
  100  6:45  Probe  
  100  6:46  Gateway, Probe  
  102  6:48  Pylon  
  102  6:50  Robotics Facility  
  102  6:51  Probe  
  102  6:52  Immortal (Chrono Boost), Robotics Bay  
  103  7:00  Stalker x2  
  111  7:09  Sentry x2  
  111  7:11  Probe  
  111  7:12  Probe, Photon Cannon  
  111  7:13  Probe  
  114  7:36  Pylon  
  114  7:38  Colossus x2 (Chrono Boost)  
  114  7:39  Extended Thermal Lance  
  126  7:47  Photon Cannon  
  126  7:50  Protoss Ground Weapons Level 2 (Chrono Boost), Pylon  
  126  7:54  Nexus  
  126  7:55  Charge  
  126  7:56  Pylon  
  126  7:57  Photon Cannon  
  126  8:01  Sentry  
  126  8:03  Photon Cannon  
  127  8:19  Gateway  
  127  8:20  Gateway  
  127  8:23  Gateway  
  127  8:24  Shield Battery, Colossus x2 (Chrono Boost)  
  139  8:37  Pylon  
  139  8:40  Zealot  
  141  8:42  Sentry, Stalker  
  132  8:56  Stalker x5  
  123  9:05  Warp Prism (Chrono Boost)  
  123  9:06  Observer (Chrono Boost)  
  123  9:08  Stalker x3  
  111  9:13  Stalker x3  
  100  9:18  Probe x3  
  100  9:22  Stalker x2  
  92  9:24  Zealot  
  92  9:30  Probe x2  
  94  9:34  Stalker  
  92  9:38  Stalker  
  92  9:42  Probe  
  92  9:53  Nexus  
  92  9:56  Sentry x4  
  100  10:01  Pylon  
  100  10:07  Sentry x2  
  100  10:12  Shield Battery  
  104  10:20  Sentry  
  106  10:25  Sentry  
  107  10:37  Zealot x2  
  107  10:38  Zealot  
  107  10:39  Zealot x5  
  113  10:44  Sentry x2  
  87  10:59  Zealot x3  
Tags
 
Add a new tag
Caveats
  • Supply blocks, unpowered buildings, or Contaminate may cause inaccurate times.
  • Supply counts are checked every 10 seconds.